 Dungeon Crawl Stone Soup version 0.29-a0-668-g12ee2bf84d (webtiles) character file.

Game seed: 12857222119891196991

354 bande the Skirmisher (level 6, -14/60 HPs)
             Began as a Gargoyle Fighter on June 23, 2022.
             Demolished by an orc warrior
             ... wielding a +0 scimitar
              (16 damage)
             ... on level 4 of the Dungeon.
             The game lasted 00:07:09 (4364 turns).

bande the Skirmisher (Gargoyle Fighter)             Turns: 4364, Time: 00:07:10

Health: -14/60     AC: 17    Str: 19    XL:     6   Next: 62%
Magic:  6/6        EV:  9    Int:  9    God:
Gold:   130        SH:  4    Dex: 11    Spells: 5/5 levels left

rFire   . . .      SeeInvis .   a - +1 war axe
rCold   . . .      Faith    .   c - +0 buckler
rNeg    + . .      Spirit   .   d - +5 scale mail of the Jackalope {+Blink}
rPois   ∞          Reflect  .   g - +0 helmet
rElec   +          Harm     .   (no cloak)
rCorr   .          Rampage  .   (no gloves)
Will    .....                   (no boots)
Stlth   ..........              l - amulet of the acrobat
HPRegen 0.20/turn               (no ring)
MPRegen 0.10/turn               (no ring)

@: berserking, very quick
A: sickness immunity, AC +4, negative energy resistance 1, electricity
resistance, torment resistance 1, petrification resistance
a: Evoke Blink


You were on level 4 of the Dungeon.
You visited 1 branch of the dungeon, and saw 5 of its levels.

You collected 130 gold pieces.

Inventory:

Hand Weapons
 a - a +1 war axe (weapon)
Armour
 c - a +0 buckler (worn)
 d - the +5 scale mail of the Jackalope (worn) {+Blink}
   (You took it off a hobgoblin on level 4 of the Dungeon)

   +Blink:    It lets you blink.
 g - a +0 helmet (worn)
Jewellery
 l - an amulet of the acrobat (around neck)
Potions
 e - a potion of attraction
 f - a potion of invisibility
 j - 3 potions of brilliance


   Skills:
 + Level 4.8 Fighting
 + Level 4.4 Axes
 + Level 4.3 Armour
 - Level 0.3 Dodging
 + Level 3.8 Shields
 * Level 0.1 Evocations


You had 5 spell levels left.
You didn't know any spells.
Your spell library contained the following spells:

 Spells                   Type           Power      Damage    Failure   Level
 Confusing Touch          Hex            0%         N/A       99%         3
 Yara's Violent Unravell  Hex/Tmut       0%         3d3       100%        5
 Enfeeble                 Hex            0%         N/A       100%        7


Dungeon Overview and Level Annotations

Branches:
Dungeon (5/15)
 Temple: D:4-7

Altars:
Elyvilon
Kikubaaqudgha
Qazlal
Yredelemnul


Innate Abilities, Weirdness & Mutations

You are immune to sickness and miasma.
Your stone body is resilient. (AC +4)
You are immune to poison.
You resist negative energy. (rN+)
You are resistant to electric shocks. (rElec)
You are resistant to unholy torment.
You are immune to petrification.


Message History

The orc warrior is moderately wounded.
The orc warrior barely misses you.
The orc warrior hits you but does no damage.
You closely miss the orc warrior.
The orc warrior is moderately wounded.
The orc warrior hits you with a +0 scimitar!
You hit the orc warrior but do no damage.
The orc warrior is moderately wounded.
The orc warrior hits you with a +0 scimitar.
You are too injured to fight recklessly!
You are too injured to fight recklessly!
You are too injured to fight recklessly!
Unknown command.
The orc warrior attacks as you move away!
The orc warrior misses you.
There is a stone staircase leading up here.
The orc warrior hits you but does no damage.
The orc priest calls upon Beogh to heal the orc warrior.
The orc warrior is healed somewhat.
You climb upwards.
Reactivating autopickup.
There is a stone staircase leading down here.
You slash the orc warrior!
The orc warrior is heavily wounded.
The orc warrior hits you but does no damage.
You block the orc warrior's attack.
Unknown command.
You hit the orc warrior but do no damage.
The orc warrior is heavily wounded.
The orc warrior hits you with a +0 scimitar!
* * * LOW HITPOINT WARNING * * *
You closely miss the orc warrior.
The orc warrior is heavily wounded.
The orc warrior hits you with a +0 scimitar!
* * * LOW HITPOINT WARNING * * *
It was a potion of berserk rage.
A red film seems to cover your vision as you go berserk!
You feel yourself moving faster!
You feel mighty!
The orc warrior hits you with a +0 scimitar!
You die...

._..♣♣♣♣♣♣..♣#...!...##.# #..
...........♣##.....[....#######..
.......)..[♣#.............<......
.....)....♣##.#......###########.
.........♣♣#.........# #.
♣♣♣....♣♣###..##.....# #.
##♣♣♣♣♣###....##.....# ##
.#######......##.o...#
................@....#
..............######.#
##########....# #.# #.#..######.#
##.#.........# #............#
##.#.#######.# #.#.# #.# #.#.#
#.#


You could see an orc warrior.

Vanquished Creatures
  Sigmund (D:3)
  Terence (D:3)
  An iguana (D:4)
  6 adders
  An ufetubus (D:4)
  A worm (D:3)
  3 orcs
  6 bats
  4 endoplasms
  4 giant cockroaches
  5 hobgoblins
  10 jackals
  4 quokkas
  8 ball pythons
  4 frilled lizards (D:1)
  8 goblins
  4 kobolds
  10 rats
81 creatures vanquished.

Vanquished Creatures (others)
  A kobold (D:4)
  A plant (D:1)
2 creatures vanquished.

Grand Total: 83 creatures vanquished

Notes
Turn   | Place    | Note
-------+----------+-------------------------------------------
     0 | D:1      | bande the Gargoyle Fighter began the quest for the Orb.
     0 | D:1      | Reached XP level 1. HP: 14/14 MP: 1/1
   202 | D:1      | Reached XP level 2. HP: 19/19 MP: 2/2
   241 | D:1      | Found a faded altar of an unknown god.
   751 | D:1      | Reached XP level 3. HP: 3/23 MP: 3/3
  2241 | D:2      | Reached XP level 4. HP: 29/29 MP: 4/4
  2342 | D:3      | Noticed Terence
  2355 | D:3      | Killed Terence
  2478 | D:3      | Noticed Sigmund
  2485 | D:3      | Killed Sigmund
  2486 | D:3      | Reached XP level 5. HP: 34/34 MP: 5/5
  2486 | D:3      | Reached XP level 6. HP: 39/39 MP: 6/6
  2692 | D:3      | Identified the +1 ring mail of the Boiling Point {rF- rC+
                  | Will+ Stlth+}
  2976 | D:3      | Found an ancient bone altar of Kikubaaqudgha.
  3696 | D:4      | Identified the +5 scale mail of the Jackalope {+Blink}
  3716 | D:4      | Found a white marble altar of Elyvilon.
  3944 | D:4      | Found a stormy altar of Qazlal.
  4215 | D:4      | Identified the +1 chain mail "Zivitigg" {Int+3}
  4218 | D:4      | Found a basalt altar of Yredelemnul.
  4274 | D:5      | Entered Level 5 of the Dungeon
  4342 | D:5      | Noticed an orc warrior
  4363 | D:4      | HP: 1/40 [orc warrior/+0 scimitar (10)]
  4364 | D:4      | Demolished by an orc warrior

Illustrated notes

Levels and vault maps discovered:
D:1:      lemuel_arrival_behind_the_door_large, layout_loops_ring,
          nicolae_ecumenical_snake_handling, kennysheep_flooded_box,
          serial_bayou_pond_e, kennysheep_minor_cross, minivault_11,
          minivault_19, minmay_tetromino_o4
D:2:      layout_rooms
D:3:      layout_loops_ring, kiku_gazebo_pond_becter, minmay_hedge_maze,
          minmay_ruptured, uniq_sigmund, uniq_terence
D:4:      layout_loops_ring, kennysheep_ying_yang,
          nicolae_qazlal_scattered_showers, grunt_ministairs_6
D:5:      layout_loops_ring, makhleb_altar_promises_db, serial_shops,
          nicolae_shop_waterfront

Skill      XL: |  1  2  3  4 |
---------------+-------------+-----
Axes           | 2 4 |  4.4
Fighting       | 4 |  4.8
Armour         | 4 |  4.3
Dodging        | |  0.3
Shields        | |  3.8
Evocations     | |  0.1

Action                   |  1- 3 |  4- 6 || total
-------------------------+-------+-------++-------
Melee: War axe           |   140 |   143 ||   283
  Use: Scroll            |       |    11 ||    11
       Potion            |       |     2 ||     2
Armor: Scale mail        |   100 |    71 ||   171
Dodge: Dodged            |    93 |    98 ||   191
Block: Buckler           |    34 |    33 ||    67

Table legend: (Time is in decaauts)
 A = Elapsed time spent in this place.
 B = Non-inter-level travel time spent in this place.
 C = Inter-level travel time spent in this place.
 D = Time resting spent in this place.
 E = Time spent auto-exploring this place.
 F = Levels seen in this place.
 G = Mean time per level.
                   A        B        C        D        E       F      G
               +--------+--------+--------+--------+--------+-----+--------+
         Total |   4474 |   4425 |     49 |    883 |   2699 |   5 |  894.8 |
       Dungeon |   4474 |   4425 |     49 |    883 |   2699 |   5 |  894.8 |
               +--------+--------+--------+--------+--------+-----+--------+

Top non-repeatable levels by time:
     D:1: 1967 daAuts
     D:3: 1197 daAuts
     D:4: 864 daAuts
     D:2: 356 daAuts
     D:5: 88 daAuts
